 Dungeon Crawl Stone Soup version 0.15-a0-2151-gce93697 (webtiles) character file.

41987 AvylaarBelgium the Eclecticist (level 13, -1/63 HPs)
             Began as a Deep Elf Fire Elementalist on July 18, 2014.
             Was a High Priest of Vehumet.
             Killed from afar by a guardian serpent (10 damage)
             ... with a bolt of poison
             ... on Level 8 of the Lair of Beasts on July 19, 2014.
             The game lasted 01:40:41 (14746 turns).

AvylaarBelgium the Eclecticist (DEFE)              Turns: 14746, Time: 01:40:41

HP  -1/63        AC 12     Str  6      XL: 13   Next: 83%
MP  25/38        EV 18     Int 25      God: Vehumet [*****.]
Gold 1310        SH  0     Dex 15      Spells:  9 memorised, 15 levels left

rFire  + + .     SeeInvis .     J - +3 short sword of Intiuto {slice, rPois rN+}
rCold  . . .     Clarity  +     l - +2 robe {rF+}
rNeg   + . .     rCorr    .     (no shield)
rPois  +         rRot     .     (helmet restricted)
rElec  .         Spirit   .     D - +0 cloak
SustAb .         Warding  .     U - +0 pair of gloves
rMut   .         Stasis   .     L - +0 pair of boots
Gourm  .                        k - amulet of clarity
MR     +....                    b - ring of fire
                                v - ring of protection from cold

@: about to teleport, very slightly contaminated, repel missiles, somewhat
resistant to hostile enchantments, unstealthy
A: beak, iridescent scales 1, shaggy fur 1
a: Renounce Religion


You were on level 8 of the Lair of Beasts.
You worshipped Vehumet.
Vehumet was extremely pleased with you.
You were not hungry.

You visited 4 branches of the dungeon, and saw 20 of its levels.
You also visited: Sewer and Volcano.

You collected 1310 gold pieces.

Inventory:

Hand weapons
 n - the -2 cutlass "Nuiw" {slice, rC++}
   (You found it on level 7 of the Lair of Beasts)

   It inflicts extra damage upon your enemies.
   It greatly protects you from cold.
 J - the +3 short sword of Intiuto (weapon) {slice, rPois rN+}
   (You found it on level 4 of the Dungeon)

   It inflicts extra damage upon your enemies.
   It protects you from poison.
   It protects you from negative energy.
Armour
 l - a +2 robe of fire resistance (worn)
 x - a +0 helmet
 D - a +0 cloak (worn)
 L - a +0 pair of boots (worn)
 U - a +0 pair of gloves (worn)
Magical devices
 p - a wand of disintegration (14)
 M - a wand of disintegration (9)
 T - a wand of draining (5) {unknown}
Comestibles
 c - 17 bread rations
 m - 16 fruits
 z - 6 meat rations
Scrolls
 e - 5 scrolls of amnesia
 h - 2 scrolls of teleportation
 j - 5 scrolls of remove curse
 q - a scroll of immolation
 r - 2 scrolls of fear {unknown}
 s - 3 scrolls of recharging {unknown}
 F - a scroll of fog {unknown}
 G - 6 scrolls of enchant weapon
 N - 3 scrolls of enchant armour
 V - 2 scrolls of holy word {unknown}
 X - a scroll of magic mapping
 Y - a scroll of torment {unknown}
Jewellery
 b - a ring of fire (right hand)
 k - an amulet of clarity (around neck)
 v - a ring of protection from cold (left hand)
 y - an uncursed ring of positive energy
 C - an uncursed ring of magical power
 E - an uncursed amulet of resist mutation
 K - an uncursed ring of sustain abilities
 S - an uncursed ring of protection from cold
Potions
 a - 2 potions of cure mutation {unknown}
 g - 7 potions of brilliance
 i - a potion of resistance
 o - 5 potions of curing
 t - 3 potions of poison {unknown}
 u - 2 potions of magic
 w - a potion of agility {unknown}
 A - 3 potions of might
 B - 4 potions of restore abilities
 I - a potion of degeneration {unknown}
 O - 2 potions of cancellation {unknown}
 P - 2 potions of invisibility {unknown}
 Q - 2 potions of lignification {unknown}
 W - 2 potions of berserk rage {unknown}
 Z - 3 potions of haste {unknown}
Books
 d - Bruiguigoq's Incunabulum of Stolen Souls
   (You found it on level 8 of the Lair of Beasts)

   Spells                             Type                      Level
   Corpse Rot                         Necromancy                   2
   Sublimation of Blood               Necromancy                   2
   Excruciating Wounds                Charms/Necromancy            5
   Agony                              Necromancy                   5
 f - a book of Air

   Spells                             Type                      Level
   Shock                              Conjuration/Air              1
   Swiftness                          Charms/Air                   2
   *Repel Missiles                    Charms/Air                   2
   Flight                             Charms/Air                   3
   Static Discharge                   Conjuration/Air              3
   Lightning Bolt                     Conjuration/Air              5
Miscellaneous
 R - a lamp of fire


   Skills:
 - Level 10.2 Dodging
 - Level 2.4 Stealth
 + Level 15.9 Spellcasting
 + Level 14.4 Conjurations
 + Level 14.3 Fire Magic


You had 15 spell levels left.
You knew the following spells:

 Your Spells              Type           Power        Failure   Level  Hunger
a - Flame Tongue          Conj/Fire      #####        0%          1    None
b - Throw Flame           Conj/Fire      ######       0%          2    None
c - Sticky Flame          Conj/Fire      #######.     1%          4    None
d - Fireball              Conj/Fire      #######...   1%          5    None
e - Ignite Poison         Fire/Trmt      ######....   1%          5    None
f - Delayed Fireball      Conj/Fire      N/A          2%          7    ######.
g - Repel Missiles        Chrm/Air       ###...       6%          2    None
h - Lee's Rapid Deconstr  Erth           ###.......   36%         5    None
i - Blink                 Tloc           N/A          6%          2    None


Dungeon Overview and Level Annotations

Branches:
Dungeon (10/15)            Temple (1/1) D:5             Orc (0/4) D:10
   Lair (8/8) D:10         Shoals (1/5) Lair:5        Snake (0/5) Lair:5
  Slime: Lair:6-8

Altars:
Ashenzari
Cheibriados
Dithmenos
Elyvilon
Fedhas
Gozag
Kikubaaqudgha
Makhleb
Nemelex Xobeh
Okawaru
Qazlal
Sif Muna
Trog
Vehumet
Xom
Yredelemnul
Zin
The Shining One

Shops:
D:10 }


Innate Abilities, Weirdness & Mutations

You have a beak for a mouth.
You are partially covered in iridescent scales (AC +4).
You are covered in fur (AC +1).


Message History

The floor.
Cast which spell? (? or * to list)
Aiming: Fireball
Press: ? - help, Shift-Dir - straight line, f - guardian serpent
Aim: a guardian serpent
Okay, then.
Read which item? (? for menu, Esc to quit)
Okay, then.
Casting: Fireball
Confirm with . or Enter, or press ? or * to list all spells.
Okay, then.
Read which item? (? for menu, Esc to quit)
As you read the scroll of teleportation, it crumbles to dust.
You feel strangely unstable.
You hear a croak.
You hear an angry hiss.
The guardian serpent casts a spell at you.
The bolt of poison hits the fungus.
The fungus is destroyed!
The bolt of poison hits you! You resist.
You die...

.PP%###....#......#....###.......
PP%P%.##...##....##...##.......P.
PPP.%..##...#....#...##...P....P#
P.PP....##..##..##..##.....P.....
PPP......##..#..#..## ....P....#
.PP###....##.####.## .###....#
..## ###..)######## ... ..#
s.###..##..## ..# $..S####...@# .
..# /?..s...PS.P.# ..#
[%.......%.P.# ..# .$...####....#
..# . ###......## ..## #./.#..###
%..###....##.## ..P......##(.#
..PP%...##..##


You could see a wolf spider (wandering) and a guardian serpent.

Vanquished Creatures
  Rupert (Lair:5)
  5 hydras
  Erica (Lair:1)
  A death yak (Lair:7)
  Nergalle (Lair:4)
  2 sea snakes (Shoals:1)
  A hill giant (D:10)
  A lindwurm (Lair:4)
  A wolf spider (Lair:8)
  A red wasp (Lair:8)
  8 black mambas
  3 toenail golems (Volcano)
  2 mermaids
  An elephant (Lair:8)
  8 spiny frogs
  8 komodo dragons
  2 fire drakes
  A merfolk (Lair:5)
  A wandering mushroom (Lair:7)
  2 trolls
  A boulder beetle (Lair:7)
  A two-headed ogre (D:8)
  8 blink frogs
  12 wyverns
  A redback (Lair:8)
  A spriggan (D:9)
  2 basilisks
  44 yaks
  6 humans (Volcano)
  3 nagas (Lair:5)
  A mottled dragon (D:9)
  4 hippogriffs
  19 water moccasins
  2 sky beasts
  A phantom (D:6)
  6 porcupines
  A swamp drake (D:10)
  A necrophage (D:8)
  3 orc warriors (D:10)
  4 ogres
  5 spiders (Lair:8)
  2 ice beasts
  2 boring beetles
  10 crocodiles
  Duvessa (D:5)
  3 big kobolds
  5 centaurs
  A gnoll sergeant (D:8)
  12 giant frogs
  A hippogriff skeleton (D:9)
  A troll skeleton (D:9)
  5 killer bees (D:9)
  2 goliath beetles
  7 wights
  Dowan (D:5)
  3 crimson imps
  4 jellies
  A centaur skeleton (D:10)
  4 orc priests
  8 orc wizards
  5 hounds
  2 iguanas
  9 worker ants
  22 sheep
  11 gnolls
  35 green rats
  32 adders
  2 shadow imps
  5 worms
  A giant mite (D:4)
  3 orc skeletons (D:4)
  11 giant geckos
  4 oozes
  30 orcs
  11 bats
  9 goblins
  17 hobgoblins
  2 jackals (Sewer)
  17 quokkas
  3 ball pythons
  5 giant cockroaches
  A giant cockroach zombie (D:5)
  4 giant newts
  2 giant spores
  33 kobolds
  23 rats
  A ballistomycete (D:8)
  9 fungi
  5 plants
564 creatures vanquished.

Vanquished Creatures (others)
  8 fungi
  3 plants (Lair:8)
11 creatures vanquished.

Grand Total: 575 creatures vanquished

Notes
Turn   | Place    | Note
--------------------------------------------------------------
     0 | D:1      | AvylaarBelgium, the Deep Elf Fire Elementalist, began the quest for the Orb.
     0 | D:1      | Reached XP level 1. HP: 10/10 MP: 5/5
    86 | D:1      | Reached XP level 2. HP: 9/15 MP: 1/8
   290 | D:1      | Learned a level 2 spell: Throw Flame
   574 | D:1      | Reached XP level 3. HP: 19/19 MP: 6/11
   952 | D:2      | Reached skill level 4 in Fire Magic
  1206 | D:2      | Reached XP level 4. HP: 24/24 MP: 10/15
  1806 | D:3      | Learned a level 4 spell: Sticky Flame
  1958 | D:3      | Reached XP level 5. HP: 25/28 MP: 9/18
  2264 | D:4      | Noticed an ogre
  2278 | D:4      | Killed an ogre
  2278 | D:4      | Reached skill level 5 in Spellcasting
  2278 | D:4      | Reached skill level 5 in Fire Magic
  2278 | D:4      | Reached XP level 6. HP: 19/32 MP: 8/21
  2460 | D:4      | Got a twisted short sword
  2461 | D:4      | Identified the +3 short sword of Intiuto {slice, rPois rN+} (You found it on level 4 of the Dungeon)
  2475 | D:4      | Found a glowing drain.
  2488 | Sewer    | Entered a sewer
  2589 | Sewer    | Found a white marble altar of Elyvilon.
  2723 | D:4      | Reached skill level 6 in Fire Magic
  2728 | D:4      | Reached XP level 7. HP: 36/36 MP: 19/23
  2754 | D:4      | Learned a level 5 spell: Fireball
  2961 | D:5      | Entered Level 5 of the Dungeon
  2969 | D:5      | Found a staircase to the Ecumenical Temple.
  2996 | Temple   | Entered the Ecumenical Temple
  3046 | Temple   | Became a worshipper of Vehumet
  3070 | D:5      | Noticed Dowan
  3075 | D:5      | Killed Dowan
  3076 | D:5      | Noticed Duvessa
  3083 | D:5      | Killed Duvessa
  3083 | D:5      | Reached skill level 5 in Conjurations
  3224 | D:5      | Found an opulent altar of Gozag.
  4151 | D:6      | Reached XP level 8. HP: 41/41 MP: 19/25
  4211 | D:6      | Reached skill level 7 in Spellcasting
  4421 | D:7      | Noticed a troll
  4422 | D:7      | Acquired Vehumet's first power
  4422 | D:7      | Offered knowledge of Sandblast by Vehumet.
  4433 | D:7      | Killed a troll
  4563 | D:7      | Found a snail-covered altar of Cheibriados.
  4650 | D:7      | Found a stormy altar of Qazlal.
  5062 | D:8      | Noticed a two-headed ogre
  5100 | D:8      | Killed a two-headed ogre
  5100 | D:8      | Reached skill level 8 in Spellcasting
  5281 | D:8      | Found a basalt altar of Yredelemnul.
  5557 | D:8      | Reached XP level 9. HP: 45/45 MP: 20/29
  5700 | D:8      | Found a blossoming altar of Fedhas.
  5985 | D:9      | Offered knowledge of Magic Dart by Vehumet.
  6112 | D:9      | Reached skill level 9 in Spellcasting
  6551 | D:9      | Offered knowledge of Searing Ray by Vehumet.
  6666 | D:9      | Found a shadowy altar of Dithmenos.
  6805 | D:10     | Entered Level 10 of the Dungeon
  6808 | D:10     | Reached skill level 10 in Spellcasting
  6813 | D:10     | Acquired Vehumet's second power
  6919 | D:10     | Found Plauptal's Gadget Shoppe.
  6929 | D:10     | Noticed a hill giant
  6943 | D:10     | Reached XP level 10. HP: 45/50 MP: 12/31
  7046 | D:10     | Reached skill level 10 in Conjurations
  7166 | D:10     | Offered knowledge of Stone Arrow by Vehumet.
  7343 | D:10     | Found a staircase to the Orcish Mines.
  7496 | D:10     | Killed a hill giant
  7496 | D:10     | Reached skill level 10 in Fire Magic
  7519 | D:10     | Upgraded the game from 0.15-a0-2144-g51de978 to 0.15-a0-2151-gce93697
  7529 | D:10     | Reached skill level 11 in Spellcasting
  7554 | D:10     | Acquired Vehumet's third power
  7615 | D:10     | Found a staircase to the Lair.
  7616 | D:10     | Noticed a komodo dragon
  7632 | D:10     | Killed a komodo dragon
  7651 | D:10     | Offered knowledge of Lee's Rapid Deconstruction by Vehumet.
  7847 | Lair:1   | Entered Level 1 of the Lair of Beasts
  7856 | Lair:1   | Reached skill level 5 in Dodging
  7863 | Lair:1   | Learned a level 5 spell: Lee's Rapid Deconstruction
  7956 | Lair:1   | Noticed Erica
  7963 | Lair:1   | Killed Erica
  8362 | Lair:1   | Offered knowledge of Ignite Poison by Vehumet.
  8369 | Lair:1   | Learned a level 5 spell: Ignite Poison
  8603 | Lair:2   | Reached XP level 11. HP: 54/54 MP: 32/33
  8824 | Lair:2   | Gained mutation: You are covered in fur (AC +1). [potion of mutation]
  8824 | Lair:2   | Gained mutation: You are partially covered in iridescent scales (AC +4). [potion of mutation]
  8824 | Lair:2   | Gained mutation: You have a beak for a mouth. [potion of mutation]
  8946 | Lair:2   | Reached skill level 10 in Dodging
  8989 | Lair:2   | Noticed a five-headed hydra
  9197 | Lair:2   | Killed a five-headed hydra
  9586 | Lair:3   | Reached skill level 12 in Spellcasting
  9628 | Lair:3   | Learned a level 2 spell: Repel Missiles
 10262 | Lair:4   | Noticed Nergalle
 10265 | Lair:4   | Killed Nergalle
 10299 | Lair:4   | Noticed a lindwurm
 10299 | Lair:4   | Found a dark tunnel.
 10302 | Lair:4   | Killed a lindwurm
 10345 | Volcano  | Entered a volcano
 10358 | Volcano  | Reached XP level 12. HP: 59/59 MP: 12/35
 10576 | Volcano  | Reached skill level 13 in Spellcasting
 10830 | Lair:4   | Offered knowledge of Venom Bolt by Vehumet.
 10942 | Lair:4   | Found a staircase to the Shoals.
 11087 | Lair:4   | Noticed a five-headed hydra
 11092 | Lair:4   | Killed a five-headed hydra
 11626 | Lair:5   | Noticed Rupert
 11632 | Lair:5   | Killed Rupert
 11632 | Lair:5   | Reached skill level 14 in Spellcasting
 11690 | Lair:5   | Found a staircase to the Snake Pit.
 11996 | Lair:5   | Found a staircase to the Shoals.
 12017 | Shoals:1 | Entered Level 1 of the Shoals
 12078 | Lair:5   | Offered knowledge of Delayed Fireball by Vehumet.
 12087 | Lair:5   | Learned a level 7 spell: Delayed Fireball
 12112 | Lair:5   | Noticed a five-headed hydra
 12117 | Lair:5   | Killed a five-headed hydra
 12117 | Lair:5   | Reached XP level 13. HP: 63/63 MP: 9/37
 13453 | Lair:7   | Reached skill level 15 in Spellcasting
 13472 | Lair:7   | Got a steaming cutlass
 13481 | Lair:7   | Identified the cursed -2 cutlass "Nuiw" {slice, rC++} (You found it on level 7 of the Lair of Beasts)
 13901 | Lair:7   | Learned a level 2 spell: Blink
 14035 | Lair:8   | Entered Level 8 of the Lair of Beasts
 14736 | Lair:8   | Identified Bruiguigoq's Incunabulum of Stolen Souls (You found it on level 8 of the Lair of Beasts)
 14746 | Lair:8   | Killed from afar by a guardian serpent

Action                   |  1- 3 |  4- 6 |  7- 9 | 10-12 | 13-15 || total
-------------------------+-------+-------+-------+-------+-------++-------
Melee: Dagger            |    14 |       |       |       |       ||    14
       Flail             |     2 |       |       |       |       ||     2
       Short sword       |       |    11 |    36 |   112 |    50 ||   209
Throw: Stone             |    11 |     8 |       |       |       ||    19
 Cast: Flame Tongue      |    57 |   119 |   130 |    99 |     6 ||   411
       Throw Flame       |     2 |    10 |    27 |     3 |       ||    42
       Sticky Flame      |       |     7 |    32 |    99 |    33 ||   171
       Fireball          |       |       |    37 |   120 |    61 ||   218
       Ignite Poison     |       |       |       |     8 |    20 ||    28
       Repel Missiles    |       |       |       |     1 |       ||     1
       Delayed Fireball  |       |       |       |     1 |       ||     1
 Abil: Release Delayed F |       |       |       |       |     1 ||     1
Evoke: Wand              |       |       |     4 |     8 |     2 ||    14
  Use: Scroll            |       |     1 |     2 |    10 |    10 ||    23
       Potion            |       |       |     1 |     5 |     2 ||     8
 Stab: Sleeping          |       |       |     1 |     4 |     1 ||     6
  Eat: Chunk             |     1 |     5 |    17 |    17 |     3 ||    43
       Royal jelly       |       |       |     1 |       |     1 ||     2
       Fruit             |       |       |     1 |       |     1 ||     2
       Pizza             |       |       |       |     2 |       ||     2
       Beef jerky        |       |       |       |     1 |       ||     1
